 Dungeon Crawl Stone Soup version 0.31-a0-667-g39726597b9 (webtiles) character file.

Game seed: 69392664458039185

19 DarkabusHale the Shield-Bearer (level 2, -1/16 HPs)
             Began as a Vine Stalker Fighter on Sept 4, 2023.
             Slain by a gnoll
             ... wielding a +0 spear
              (4 damage)
             ... on level 2 of the Dungeon.
             The game lasted 00:02:38 (853 turns).

DarkabusHale the Shield-Bearer (VSFi)                Turns: 853, Time: 00:02:41

Health: -1/16      AC:  4    Str: 18    XL:     2   Next: 75%
Magic:  0/3        EV: 10    Int:  8    God:
Gold:   39         SH:  4    Dex: 13    Spells: 1/1 levels left

rFire   . . .        a - +0 flail
rCold   . . .        c - +0 buckler
rNeg    . . .        e - +1 leather armour {rPois}
rPois   +            (no helmet)
rElec   .            (no cloak)
rCorr   .            (no gloves)
SInv    .            (no boots)
Will    .....        (no amulet)
Stlth   +            (no ring)
HPRegen 1.02/turn    (no ring)
MPRegen 0.08/turn

%: guardian spirit
@: no status effects
A: fangs 2, regeneration 1, magic shield, antimagic bite, no potion heal 2
a: no special abilities


You were on level 2 of the Dungeon.
You visited 1 branch of the dungeon, and saw 2 of its levels.

You collected 39 gold pieces.

Inventory:

Hand Weapons
 a - a +0 flail (weapon)
Armour
 b - a +0 scale mail
 c - a +0 buckler (worn)
 e - a +1 leather armour of poison resistance (worn)
Potions
 d - a potion of might
 f - 2 potions of heal wounds {unknown}
 g - a potion of resistance {unknown}


   Skills:
 + Level 2.9 Fighting
 * Level 2.2 Maces & Flails
 + Level 2.6 Armour
 + Level 2.9 Shields


You had one spell level left.
You didn't know any spells.
Your spell library contained the following spells:

 Spells                   Type           Power      Damage    Failure   Level
 Scorch                   Fire           0%         2d5       69%         2
 Flame Wave               Conj/Fire      0%         2d4       100%        4
 Summon Cactus Giant      Summ           0%         N/A       100%        6


Dungeon Overview and Level Annotations

Branches:
Dungeon (2/15)

Altars:


Innate Abilities, Weirdness & Mutations

You have extremely sharp teeth.
Your natural rate of healing is unusually fast.
When hurt, damage is shared between your health and your magic reserves.
Your bite disrupts and absorbs the magic of your enemies.
Potions cannot restore your health.


Message History

There are monsters nearby!
The helpless giant cockroach fails to defend itself.
You hit the giant cockroach.
The giant cockroach is moderately wounded.
The giant cockroach bites you but does no damage.
You hit the giant cockroach.
You kill the giant cockroach!
You hit the goblin but do no damage. You bite the goblin. You drain its power.
The goblin is heavily wounded.
The goblin hits you with a +0 dagger.
You completely miss the goblin. You bite the goblin.
You kill the goblin!
Things that are here:
a +0 dagger; a goblin corpse
Found a stone staircase leading down.
Found a stone staircase leading down.
There is a stone staircase leading down here.
Found a ring mail.
A gnoll comes into view. It is wielding a +0 flail.
A gnoll comes into view. It is wielding a +0 whip.
Found an escape hatch in the floor.
The gnoll shouts! x2
A ball python comes into view.
A gnoll comes into view. It is wielding a +0 spear.
You sock the gnoll!
The gnoll is severely wounded.
The gnoll hits you with a +0 flail.
You barely miss the gnoll.
The gnoll shouts!
You bite the gnoll. You drain its power.
The gnoll is almost dead.
The gnoll hits you with a +0 flail.
You closely miss the gnoll.
The gnoll is almost dead.
You block the gnoll's attack. The gnoll barely misses you.
The gnoll hits you with a +0 flail!
Ouch! That really hurt!
* * * LOW HITPOINT WARNING * * *
The gnoll hits you from afar with a +0 spear.
You die...

#. # ..>......#. .
.........#.#.
.........#..#
....g....##.#
.........##.#
.g........#.#
.....[....#@#
...gS.g...#g#####.
########..gSg......
####........##
######.......#####
#......##........
#.......#........
#.......#.........
#.................


You could see 3 gnolls and a ball python.

Vanquished Creatures
  A dart slug (D:1)
  An endoplasm (D:1)
  2 giant cockroaches
  4 goblins
  3 hobgoblins (D:1)
  A ball python (D:1)
  A bat (D:1)
  2 frilled lizards (D:1)
  A rat (D:1)
16 creatures vanquished.

Notes
Turn   | Place    | Note
-------+----------+-------------------------------------------
     0 | D:1      | DarkabusHale the Vine Stalker Fighter began the quest for
                  | the Orb.
     0 | D:1      | Reached XP level 1. HP: 11/11 MP: 2/2
   220 | D:1      | Reached XP level 2. HP: 16/16 MP: 3/3
   391 | D:1      | Found a faded altar of an unknown god.
   853 | D:2      | Slain by a gnoll

Illustrated notes

Levels and vault maps discovered:
D:1:      saegor_arrival_simple_e, layout_basic,
          dreamdust_ecumenical_altar_angels_and_demons, serial_bayou_lagoon_a
D:2:      layout_rooms, basic_altar, ebering_dispersal_statue_hall

Skill      XL: |  1 |
---------------+----+-----
Maces & Flails | 2 |  2.2
Fighting       | |  2.9
Armour         | |  2.6
Shields        | |  2.9

Action                     || total
---------------------------++-------
  Melee: Flail             ||    37
         Bite              ||    11
   Stab: Sleeping          ||     1
 Armour: Leather armour    ||    16
         Scale mail        ||     2
  Dodge: Dodged            ||    18
  Block: Buckler           ||     5

Table legend: (Time is in decaauts)
 A = Elapsed time spent in this place.
 B = Non-inter-level travel time spent in this place.
 C = Inter-level travel time spent in this place.
 D = Time resting spent in this place.
 E = Time spent auto-exploring this place.
 F = Levels seen in this place.
 G = Mean time per level.
                   A        B        C        D        E       F      G
               +--------+--------+--------+--------+--------+-----+--------+
         Total |    875 |    843 |     32 |      0 |    709 |   2 |  437.5 |
       Dungeon |    875 |    843 |     32 |      0 |    709 |   2 |  437.5 |
               +--------+--------+--------+--------+--------+-----+--------+

Top non-repeatable levels by time:
     D:1: 831 daAuts
     D:2: 43 daAuts
